 Dungeon Crawl Stone Soup version 0.27.0-1-g7a089689b8 (webtiles) character file.

Game seed: 8264967704607884713

128 garrulousMonolith the Stinger (level 5, -3/33 HPs)
             Began as an Octopode Venom Mage on Aug 12, 2021.
             Slain by a sky beast (5 damage)
             ... on level 4 of the Dungeon.
             The game lasted 00:07:09 (4737 turns).

garrulousMonolith the Stinger (Octopode Venom Mage) Turns: 4737, Time: 00:07:09

Health: -3/33      AC:  1    Str:  7    XL:     5   Next: 11%
Magic:  1/8        EV: 14    Int: 19    God:
Gold:   203        SH:  0    Dex: 18    Spells: 2/8 levels left

rFire    . . .     SeeInvis .   a - +0 dagger
rCold    . . .     Faith    .   (no shield)
rNeg     . . .     Spirit   .   (helmet restricted)
rPois    .         Reflect  .   (no amulet)
rElec    .         Harm     .   c - +6 ring of dexterity
rCorr    .         Rampage  .   (no ring)
Will     .....                  (no ring)
Stlth    ++++......             (no ring)
HPRegen  0.11/turn              (no ring)
MPRegen  0.11/turn              (no ring)
                                (no ring)
                                (no ring)

@: no status effects
A: almost no armour, amphibious, 8 rings, camouflage 1, gelatinous body 1,
(nimble swimmer 1), tentacles
a: no special abilities


You were on level 4 of the Dungeon.
You visited 1 branch of the dungeon, and saw 4 of its levels.

You collected 203 gold pieces.

Inventory:

Hand Weapons
 a - a +0 dagger (weapon)
 b - a +0 hunting sling
 o - a +0 trident
Missiles
 q - 19 poisoned darts (quivered)
 r - 61 stones
Jewellery
 c - a +6 ring of dexterity (left tentacle)
Wands
 j - a wand of charming (9)
 p - a wand of acid (5)
Scrolls
 d - a scroll of noise {unknown}
 f - a scroll of brand weapon {unknown}
 h - 2 scrolls of magic mapping {unknown}
 i - 3 scrolls of identify
 k - a scroll of enchant weapon {unknown}
 m - a scroll of vulnerability {unknown}
Potions
 e - a potion of magic {unknown}
 g - a potion of curing
 l - 2 potions of ambrosia {unknown}
 n - a potion of lignification {unknown}


   Skills:
 + Level 1.3 Fighting
 + Level 2.5 Dodging
 + Level 3.4 Stealth
 + Level 2.4 Spellcasting
 - Level 1.1 Transmutations
 * Level 1.7 Air Magic
 * Level 4.7 Poison Magic


You had 2 spell levels left.
You knew the following spells:

 Your Spells              Type           Power      Damage    Failure   Level
a - Sting                 Tmut/Pois      52%        1d5       4%          1
b - Poisonous Vapours     Pois/Air       28%        N/A       6%          2
c - Mephitic Cloud        Conj/Pois/Air  10%        N/A       21%         3

Your spell library contained the following spells:

 Spells                   Type           Power      Damage    Failure   Level
 Olgreb's Toxic Radiance  Pois           20%        N/A       22%         4


Dungeon Overview and Level Annotations

Branches:
Dungeon (4/15)
 Temple: D:4-7

Altars:

Shops:
D:1 :


Innate Abilities, Weirdness & Mutations

You cannot wear most types of armour.
You are amphibious.
You can wear up to eight rings at the same time.
Your skin changes colour to match your surroundings (Stealth+).
Your rubbery body absorbs attacks. (AC +1, EV +1)
((You are camouflaged near water. (Stealth+)))
You have tentacles for arms and can constrict up to eight enemies at once.


Message History

The goblin is moderately wounded.
The goblin hits you with a +0 dagger.
You hit the goblin but do no damage. Your grab misses the goblin.
The goblin is heavily wounded.
You kill the goblin!
Casting: Poisonous Vapours (safe; 6% risk of failure)
Confirm with . or Enter, or press ? or * to list all spells.
Aiming: Poisonous Vapours (safe; 6% risk of failure)
Press: ? - help, Dir - move target, f - sky beast
Aim: a sky beast Poisonous vapours surround the sky beast!
The sky beast is poisoned.
Casting: Poisonous Vapours (safe; 6% risk of failure)
Confirm with . or Enter, or press ? or * to list all spells.
Aiming: Poisonous Vapours (safe; 6% risk of failure)
Press: ? - help, Dir - move target, f/p - sky beast
Aim: a sky beast (poisoned) Poisonous vapours surround the sky beast!
The sky beast looks even sicker.
Okay, then.
As you read the scroll labelled ZOHAYSS OGOTO, it crumbles to dust.
It is a scroll of identify.
g - 2 potions of curing The sky beast flickers out of sight!
Deactivating autopickup; reactivate with Ctrl-A.
Something hits you. Something shocks you.
You miss something. Your squeeze misses something. Something hits you.
Something shocks you.
You feel better. Something hits you. Something shocks you.
Aiming: Corrosive Bolt
Press: ? - help, Shift-Dir - straight line Something hits you.
Something shocks you.
* * * LOW HITPOINT WARNING * * *
Aiming: Corrosive Bolt
Press: ? - help, Shift-Dir - straight line The bolt of acid hits something!
The acid corrodes something!
Something hits you.
* * * LOW HITPOINT WARNING * * *
Something shocks you.
You die...

#.. #...#5. #. #.#
#.#.##. #. #.#
####.#..## ####.##
#.####.........
#..$...###.#....##.#.###
....(...#....##.......#
....?......####.......#
...........# #.......#
.......@.### #.......#
.......{.# #<...[..#
.........# #.......#
........## #########
......... .<.......
......... .........#


There were no monsters in sight!

Vanquished Creatures
  A bullfrog skeleton (D:4)
  A centaur skeleton (D:4)
  A white imp (D:4)
  A dart slug (D:1)
  2 orcs (D:3)
  2 bats
  6 endoplasms
  2 giant cockroaches
  9 goblins
  5 hobgoblins
  4 kobolds
  6 quokkas
  9 ball pythons
  A frilled lizard (D:1)
  8 rats
58 creatures vanquished.

Notes
Turn   | Place    | Note
-------+----------+-------------------------------------------
     0 | D:1      | garrulousMonolith the Octopode Venom Mage began the quest
                  | for the Orb.
     0 | D:1      | Reached XP level 1. HP: 11/11 MP: 3/3
   444 | D:1      | Reached XP level 2. HP: 9/17 MP: 1/5
   668 | D:1      | Learned a level 2 spell: Poisonous Vapours
   872 | D:1      | Reached skill level 4 in Poison Magic
  1305 | D:1      | Found Ulokhlan's Book Emporium.
  1310 | D:1      | Reached XP level 3. HP: 22/22 MP: 3/6
  1314 | D:1      | Learned a level 3 spell: Mephitic Cloud
  2094 | D:2      | Reached skill level 1 in Fighting
  2819 | D:3      | Reached skill level 1 in Air Magic
  3392 | D:3      | Found a faded altar of an unknown god.
  3467 | D:4      | Reached XP level 4. HP: 28/28 MP: 2/7
  4115 | D:4      | Reached XP level 5. HP: 4/33 MP: 3/8
  4727 | D:4      | Noticed a sky beast
  4737 | D:4      | Slain by a sky beast

Illustrated notes

Levels and vault maps discovered:
D:1:      eino_arrival_tree_alley, layout_rooms, serial_shops, shop
D:2:      layout_loops_ring
D:3:      layout_rooms, shapermc_ecumenical_altar_hornbeckon
D:4:      cheibrodos_quashed, layout_rooms, grunt_decor_mini_mirrors,
          dk_noncrumbling_2, hangedman_decor_clover_reticule,
          nicolae_specific_store

Skill      XL: |  1  2  3 |
---------------+----------+-----
Poison Magic   | 4 |  4.7
Stealth        | 3 |  3.4
Fighting       | 1 |  1.3
Air Magic      | 1 |  1.7
Dodging        | |  2.5
Spellcasting   | |  2.4
Transmutations | |  1.1

Action                   |  1- 3 |  4- 6 || total
-------------------------+-------+-------++-------
Melee: Unarmed           |     4 |       ||     4
       Constrict         |    18 |     4 ||    22
       Dagger            |    53 |    27 ||    80
       Tentacles         |     8 |     6 ||    14
 Fire: Hunting sling     |       |     2 ||     2
Throw: Dart              |     1 |       ||     1
 Cast: Sting             |    29 |    10 ||    39
       Poisonous Vapours |    44 |    11 ||    55
Evoke: Wand              |       |     2 ||     2
  Use: Scroll            |       |     1 ||     1
       Potion            |       |     1 ||     1
 Stab: Sleeping          |     1 |       ||     1
Armor: Skin              |     3 |     4 ||     7
Dodge: Dodged            |    35 |    20 ||    55
